 Dungeon Crawl Stone Soup version 0.31.0-9-g3a7656b989 (webtiles) character file.

Game seed: 11475031406728141798

1838 ExZ the Chopper (level 9, -3/49 HPs)
             Began as a Vine Stalker Berserker on Jan 28, 2024.
             Was a Priest of Trog.
             Slain by a wight
             ... wielding a +2 halberd of distortion
              (11 damage)
             ... on level 6 of the Dungeon.
             The game lasted 00:06:04 (4642 turns).

ExZ the Chopper (Vine Stalker Berserker)            Turns: 4642, Time: 00:06:08

Health: -3/49      AC: 11    Str: 25    XL:     9   Next: 11%
Magic:  0/10       EV: 10    Int: 10    God:    Trog [***...]
Gold:   205        SH:  0    Dex: 13    Spells: 8/8 levels left

rFire   . . .        a - +0 hand axe
rCold   . . .        (no shield)
rNeg    . . .        h - +2 scale mail {rPois}
rPois   +            u - +2 hat {Int+3}
rElec   .            (no cloak)
rCorr   .            (no gloves)
SInv    .            (no boots)
Will    ++...        (no amulet) Stlth
                     p - ring of willpower
HPRegen 1.08/turn    (no ring)
MPRegen 0.12/turn

%: guardian spirit
@: no status effects
A: fangs 3, regeneration 1, magic shield, antimagic bite, no potion heal 2
a: Renounce Religion, Berserk, Trog's Hand


You were on level 6 of the Dungeon.
You worshipped Trog.
Trog was most pleased with you.
You visited 1 branch of the dungeon, and saw 6 of its levels.

You collected 289 gold pieces.
You spent 84 gold pieces at shops.

Inventory:

Hand Weapons
 a - a +0 hand axe (weapon)
Armour
 h - a +2 scale mail of poison resistance (worn)
 u - a +2 hat of intelligence (worn)
Jewellery
 b - a ring of ice
 p - a ring of willpower (left hand)
Wands
 i - a wand of paralysis (2)
 m - a wand of quicksilver (3)
 t - a wand of flame (25)
Scrolls
 d - 4 scrolls of identify
 f - 2 scrolls of poison
 g - a scroll of enchant armour
 j - a scroll of teleportation
 k - a scroll of vulnerability
 n - a scroll of enchant weapon {unknown}
 r - a scroll of fear {unknown}
Potions
 c - 2 potions of curing
 e - a potion of haste
 l - a potion of cancellation {unknown}
 o - a potion of might {unknown}
 q - a potion of brilliance {unknown}
 s - a potion of attraction {unknown}
 v - a potion of lignification {unknown}


   Skills:
 - Level 6.3 Fighting
 + Level 6.8 Axes
 + Level 5.8 Armour
 - Level 1.5 Dodging


You had 8 spell levels left.
You didn't know any spells.
Your spell library was empty.

Dungeon Overview and Level Annotations

Branches:
Dungeon (6/15)             Temple (0/1) D:6

Altars:
Kikubaaqudgha
Okawaru
Qazlal
Ru
Uskayaw

Shops:
D:3 ?(=*   D:6 =*=

Annotations:
D:6 exclusion: oklob sapling


Innate Abilities, Weirdness & Mutations

You have razor-sharp teeth.
Your natural rate of healing is unusually fast.
When hurt, damage is shared between your health and your magic reserves.
Your bite disrupts and absorbs the magic of your enemies.
Potions cannot restore your health.


Message History

You shake off the liquid fire.
You see here a bombardier beetle corpse.
You see here a bombardier beetle corpse.
Unknown command.
You are no longer corroded.
There is an open door here.
Things that are here:
a +2 falchion of freezing; a +0 robe A wight is nearby!
A wight is nearby!
The wight misses you.
You barely miss the wight. Your bite misses the wight.
The wight barely misses you.
You barely miss the wight. Your bite misses the wight.
The wight hits you but does no damage. Space warps around you.
You closely miss the wight. You bite the wight! You drain its power.
You feel invigorated.
The wight is severely damaged.
The wight completely misses you.
You hit the wight but do no damage.
The wight is severely damaged.
You barely miss the wight. You bite the wight, but do no damage.
The wight is severely damaged.
The wight hits you with a +2 halberd of distortion.
Space warps horribly around you!
You hit the wight.
The wight is severely damaged.
The wight hits you with a +2 halberd of distortion!
You blink.
Unknown command.
Found Pezul's Atlas of the Missiles and Jinxing and a book of Necromancy.
The wight hits you with a +2 halberd of distortion.
Space warps horribly around you!
You closely miss the wight. You bite the wight. You drain its power.
You feel invigorated.
The wight is almost destroyed.
The wight hits you with a +2 halberd of distortion!
* * * LOW HITPOINT WARNING * * *
Space warps horribly around you!
You die...

...####^..PP..P.####...##.#
......+.........+.......#.#
...####.........####...##.#
..## ###############.###.##
..## #.#.#.#.#.#:#####...##
#..### #.#.#.#.#.#.# #.###.#
##...# #.#.#.#.#.#.# #.# #.#
####.###.#.#.#.#.#.####.###.#
# #...).......z@..#..##...##
# #####.#.#.#.#.#.##.##.### #
#.#.#.#.#.#.##.##.# #
#.#.#.#.#.#.##.##.# #
#.#.#.#.#.#:##.##.#
####################.....#
....†......# #.# #.######
############ #.# #.# #.####.#


You could see a wight.

Vanquished Creatures
  Grinder (D:5)
  A black bear (D:5)
  An orc warrior (D:6)
  A sky beast (D:6)
  A centaur (D:6)
  A phantom (D:5)
  2 scorpions
  5 wights
  3 bombardier beetles
  3 jellies
  4 hounds
  4 iguanas
  Terence (D:2)
  A gnoll bouda (D:6)
  2 orc wizards (D:6)
  13 gnolls
  7 adders
  A shadow imp (D:6)
  A white imp (D:6)
  4 ribbon worms
  A dart slug (D:3)
  18 orcs
  5 endoplasms
  4 giant cockroaches
  8 goblins
  7 hobgoblins
  6 jackals (D:2)
  6 kobolds
  A quokka (D:4)
  5 ball pythons
  4 bats
  A frilled lizard (D:3)
  5 rats
128 creatures vanquished.

Notes
Turn   | Place    | Note
-------+----------+-------------------------------------------
     0 | D:1      | ExZ the Vine Stalker Berserker began the quest for the Orb.
     0 | D:1      | Reached XP level 1. HP: 11/11 MP: 2/2
   148 | D:1      | Reached XP level 2. HP: 16/16 MP: 3/3
   185 | D:1      | You fall into a shaft and drop 1 floor!
   505 | D:2      | Reached XP level 3. HP: 18/21 MP: 4/4
   658 | D:2      | Noticed Terence
   669 | D:2      | Killed Terence
   743 | D:2      | Reached XP level 4. HP: 25/25 MP: 5/5
   814 | D:2      | Reached ** piety under Trog
  1471 | D:3      | Reached skill level 5 in Fighting
  1479 | D:3      | Reached XP level 5. HP: 26/30 MP: 6/6
  1491 | D:3      | Found Ropen's Jewellery Emporium.
  1694 | D:3      | Found Duoruim's General Store.
  1697 | D:3      | Bought a scroll of identify for 24 gold pieces
  1697 | D:3      | Bought a scroll of identify for 24 gold pieces
  1708 | D:3      | Found Soagoul's Antique Weapon Shop.
  1720 | D:3      | Found Lisoshrio's Magic Scroll Shoppe.
  1728 | D:3      | Bought a scroll of teleportation for 36 gold pieces
  2186 | D:4      | Reached XP level 6. HP: 36/36 MP: 5/7
  2399 | D:4      | Reached *** piety under Trog
  2516 | D:4      | Found a hide-covered altar of Uskayaw.
  2645 | D:4      | Found a sacrificial altar of Ru.
  2732 | D:5      | Entered Level 5 of the Dungeon
  2777 | D:5      | Reached XP level 7. HP: 39/41 MP: 8/8
  2882 | D:5      | Noticed Grinder
  2903 | D:5      | Killed Grinder
  2916 | D:5      | Found an ancient bone altar of Kikubaaqudgha.
  3010 | D:5      | Gained mutation: You have razor-sharp teeth. [Vine Stalker
                  | growth]
  3010 | D:5      | Reached XP level 8. HP: 30/45 MP: 4/9
  3163 | D:5      | Reached skill level 5 in Axes
  3219 | D:5      | Found an iron altar of Okawaru.
  3219 | D:5      | Found a stormy altar of Qazlal.
  3410 | D:6      | Found Osiul's General Store.
  3628 | D:6      | Found Yrit's Jewellery Shop.
  3843 | D:6      | Found Xiomm's Distillery.
  3854 | D:6      | Found a staircase to the Ecumenical Temple.
  4125 | D:6      | Reached skill level 5 in Armour
  4142 | D:6      | Found Goul's Jewellery Boutique.
  4480 | D:6      | Reached XP level 9. HP: 47/47 MP: 6/10
  4642 | D:6      | Slain by a wight

Illustrated notes

Levels and vault maps discovered:
D:1:      minmay_arrival_stair_chambers, layout_loops_ring,
          shapermc_ecumenical_altar_venn
D:2:      minmay_wonky_spiral, layout_basic, uniq_terence
D:3:      layout_loops_ring, serial_shops, nicolae_shop_crystal,
          nicolae_shop_hallway_plus, shop, nicolae_shop_real_fake_doors,
          st_stairs_13, chequers_serial_rivers_micro_a,
          kennysheep_generic_room_15
D:4:      layout_rooms, nicolae_ru_the_path_less_chosen, kennysheep_mini,
          kennysheep_path_1
D:5:      layout_rooms, nicolae_overflow_two_pavilions,
          mainiacjoe_overflow_brackets, minmay_manual_monstrance, uniq_grinder
D:6:      layout_loops_corners, minmay_temple_entry_oklob, serial_shops, shop,
          nicolae_shop_behind_doors, nicolae_shop_gaudy_bauble,
          nicolae_shop_pleasant_corner_grove, serial_library_hellmonk_metal_room

Skill      XL: |  1  2  3  4  5  6  7  8 |
---------------+-------------------------+-----
Fighting       | 3 4 5 6 |  6.3
Axes           | 3 4 6 |  6.8
Armour         | 2 3 5 |  5.8
Dodging        | |  1.5

Action                     |  1- 3 |  4- 6 |  7- 9 || total
---------------------------+-------+-------+-------++-------
  Melee: Hand axe          |    85 |   165 |   202 ||   452
         Bite              |    13 |    47 |    61 ||   121
         Punch             |     1 |       |     3 ||     4
 Invoke: Berserk           |     1 |     2 |     5 ||     8
    Use: Scroll            |       |     5 |       ||     5
 Armour: Animal skin       |    36 |       |       ||    36
         Scale mail        |     3 |   142 |   167 ||   312
  Dodge: Dodged            |    67 |   110 |    72 ||   249
